 Dungeon Crawl Stone Soup version 0.26-b1-59-ge38874ec40 (webtiles) character file.

Game seed: 15017656193884442868

548648 hatsuma the Impregnable (level 25, -13/249 HPs)
             Began as a Minotaur Berserker on Jan 7, 2021.
             Was the Champion of Trog.
             Hit by a large rock thrown by a stone giant (20 damage)
             ... on level 5 of the Vaults on Jan 9, 2021.
             The game lasted 08:25:00 (67377 turns).

hatsuma the Impregnable (Minotaur Berserker)       Turns: 67377, Time: 08:25:00

Health: -13/249    AC: 39    Str: 34    XL:     25   Next: 48%
Magic:  7/7        EV: 13    Int:  5    God:    Trog [******]
Gold:   4912       SH: 27    Dex: 26    Spells: 24/24 levels left

rFire    + + +     SeeInvis .   E - +7 eveningstar (antimagic)
rCold    + + +     Faith    .   A - +2 shield of Resistance {rF++ rC++ Will++}
rNeg     + . .     Spirit   .   v - +0 gold dragon scales
rPois    +         Reflect  +   C - +0 hat of Vehumet {Dex+3}
rElec    +         Harm     .   q - +2 cloak {rPois}
rCorr    .         Rampage  .   Y - +3 pair of gauntlets of War {Slay+5}
Will     +++++                  J - +2 pair of boots
Stlth    ..........             N - amulet of Happiness {Reflect rElec rN+ SH+5}
HPRegen  1.51/turn              i - +6 ring of dexterity
MPRegen  0.10/turn              b - +6 ring of strength

@: berserk cooldown, regenerating, slowed, invisible, very slow
A: retaliatory headbutt, horns 2, strong 1
}: 2/15 runes: decaying, gossamer
a: Renounce Religion, Berserk, Trog's Hand, Brothers in Arms


You were on level 5 of the Vaults.
You worshipped Trog.
Trog was exalted by your worship.
You visited 8 branches of the dungeon, and saw 44 of its levels.
You visited the Abyss 1 time.
You also visited: Sewer, Ice Cave and Volcano.

You collected 6626 gold pieces.
You spent 1714 gold pieces at shops.

Inventory:

Hand Weapons
 g - a +3 demon whip of venom
 E - a +7 antimagic eveningstar (weapon)
Armour
 q - a +2 cloak of poison resistance (worn)
 v - +0 gold dragon scales (worn)
 A - the +2 shield of Resistance (worn) {rF++ rC++ Will++}
   (You found it on level 12 of the Dungeon)

   It greatly protects you from fire.
   It greatly protects you from cold.
   It affects your willpower, your defense against some magical effects.
 C - the +0 hat of Vehumet (worn) {Dex+3}
   (You found it on level 6 of the Lair of Beasts)

   It affects your dexterity (+3).
 J - a +2 pair of boots (worn)
 Y - the +3 pair of gauntlets of War (worn) {Slay+5}
   (You bought it in a shop on level 1 of the Elven Halls)

   It affects your accuracy and damage with ranged weapons and melee attacks
   (+5).
Jewellery
 b - a +6 ring of strength (right hand)
 i - a +6 ring of dexterity (left hand)
 D - an uncursed ring of positive energy
 G - an uncursed ring of ice
 I - an uncursed ring of flight
 N - the amulet of Happiness (around neck) {Reflect rElec rN+ SH+5}
   (You acquired it on level 3 of the Elven Halls)

   [amulet of reflection]

   It shields you and reflects attacks.
   It insulates you from electricity.
   It protects you from negative energy.
   It affects your SH (+5).
 X - an uncursed ring of resist corrosion
Wands
 a - a wand of disintegration (38)
 k - a wand of digging (2)
 m - a wand of iceblast (62)
 w - a wand of acid (18)
 y - a wand of enslavement (18)
 H - a wand of flame (201)
 K - a wand of paralysis (33)
 L - a wand of polymorph (36)
Scrolls
 f - 12 scrolls of fear
 j - 26 scrolls of teleportation
 n - 2 scrolls of blinking
 p - a scroll of silence
 r - 9 scrolls of magic mapping
 t - 40 scrolls of remove curse
 u - a scroll of identify
 x - a scroll of enchant armour
 z - 5 scrolls of fog
 F - a scroll of summoning
 Q - 5 scrolls of vulnerability
Potions
 c - 29 potions of curing
 d - 12 potions of lignification
 e - a potion of heal wounds
 l - 6 potions of invisibility
 o - 10 potions of attraction
 s - 8 potions of might
 B - 3 potions of haste
 O - a potion of magic
 P - 10 potions of mutation
 S - 13 potions of ambrosia
 T - 9 potions of flight
 V - 2 potions of resistance
 W - a potion of cancellation
Miscellaneous
 h - a phantom mirror (inert)
 M - a lightning rod (4/4)
 U - a box of beasts
 Z - a condenser vane


   Skills:
 + Level 25.0 Fighting
 - Level 24.7 Maces & Flails
 - Level 25.1 Armour
 - Level 6.0 Dodging
 - Level 24.0 Shields
 - Level 13.8 Evocations


You had 24 spell levels left.
You didn't know any spells.
Your spell library was empty.

Dungeon Overview and Level Annotations

Branches:
Dungeon (15/15)            Temple (0/1) D:5            Lair (6/6) D:10
  Swamp (4/4) Lair:3       Spider (4/4) Lair:2        Slime (0/5) Lair:5
    Orc (2/2) D:9             Elf (3/3) Orc:2        Vaults (5/5) D:13
  Crypt (0/3) Vaults:3     Depths (5/5) D:15            Zot (0/5) Depths:5
  Sewer (visited)           IceCv (visited)         Volcano (visited)

Altars:
Ashenzari
Cheibriados
Elyvilon
Kikubaaqudgha
Makhleb
Nemelex Xobeh
Qazlal
Sif Muna
Trog
Vehumet
Wu Jian
Yredelemnul
Zin
The Shining One

Shops:
D:15 !   Orc:2 =[[*   Elf:1 [   Elf:2 [   Depths:1 ?:}*   Depths:4 :

Portals:
Hell: Lair:6 Depths:1 Depths:2 Depths:3 Depths:4 Depths:5
Abyss: Depths:3 Depths:4
Pandemonium: Depths:1 Depths:2 Depths:3 Depths:5
Ziggurat: Depths:4

Annotations:
D:12 1 runed translucent door
Depths:4 exclusion: orange crystal statue
Depths:5 1 runed translucent door, Gemnonof's ghost, adept DgCj


Innate Abilities, Weirdness & Mutations

You reflexively headbutt those who attack you in melee.
You have a pair of horns on your head.
Your muscles are strong. (Str +2)


Message History

A battlesphere comes into view.
As you read the scroll of fog, it crumbles to dust.
The scroll dissolves into smoke.
Something hits your cyclops!! Something hits your cyclops!
Something hits your cyclops.
The stone giant throws a large rock.
You reflect the large rock off an invisible shield around you!
The large rock hits the stone giant!!!
Your cyclops hits the golden dragon but does no damage.
The stone giant throws a large rock.
You reflect the large rock off an invisible shield around you!
The large rock hits the stone giant!
Something hits your cyclops!
Something hits your cyclops but does no damage.
Something hits your cyclops. You block the tengu reaver's attack.
The tengu reaver pecks you but does no damage.
The tengu reaver claws you but does no damage.
The stone giant throws a large rock.
The large rock hits you but does no damage.
You fade into invisibility!
The stone giant throws a large rock.
The large rock hits you!!
You die...

### # ... #. ..
#.. C###### ##
...#.....##
.(##
#§*Q§...### [.
#§§@§.X.DC## #
#.§§§§..C#(###
#..§§§...##.(#
#........#}...#
##...}.[##....#
##...)####..#.#
###### .####.#
# #e# #p#


You could see a tentacled monstrosity, a golden dragon, 2 stone giants, a tengu
reaver, a battlesphere and a friendly cyclops (summoned, berserk).

Vanquished Creatures
  4 ancient liches
  Mara (Elf:3)
  2 juggernauts
  Margery (Vaults:3)
  Saint Roka (Depths:5)
  4 golden dragons
  the Enchantress (Depths:3)
  2 bone dragons (Depths:5)
  Arachne (Spider:4)
  2 tentacled monstrosities
  6 liches
  2 deep elf master archers (Elf:3)
  A titan (Depths:4)
  Asterion (Spider:2)
  3 tentacled starspawn (Abyss:2)
  5 sphinxes
  The ghost of rrossfarrar the Sabretooth, an adept FeBe of Trog (Elf:3)
  2 deep elf blademasters
  Frances (Spider:1)
  4 storm dragons
  5 tengu reavers
  2 shadow dragons (Depths:5)
  A fenstrider witch (Swamp:3)
  Roxanne (Spider:4)
  2 draconian knights (Depths:5)
  17 fire giants
  4 iron dragons
  12 frost giants
  8 deep elf sorcerers
  2 emperor scorpions (Spider:4)
  Louise (Depths:4)
  A juggernaut zombie (Depths:5)
  8 vault wardens
  4 spriggan defenders
  3 ghost moths
  A reaper (Depths:2)
  A ghoul (Vaults:5)
  2 deep elf elementalists (Elf:3)
  27 very ugly things
  5 vampire knights
  9 ironheart preservers
  14 stone giants
  8 deep elf demonologists
  Nessos (Lair:5)
  A dire elephant (D:15)
  A yellow draconian (Depths:5)
  12 deep elf annihilators
  2 purple draconians (Depths:5)
  3 bunyips
  5 entropy weavers
  8 spark wasps
  8 deep elf death magi
  An eidolon (Abyss:2)
  2 crystal guardians (Vaults:4)
  4 eleionomae
  Snorg (D:14)
  10 ettins
  A shambling mangrove (Swamp:4)
  9 fire dragons
  A blizzard demon (Depths:3)
  7 deep elf high priests
  2 jiangshi (Depths:5)
  8 great orbs of eyes
  24 yaktaur captains
  14 ogre magi
  Erolcha (D:11)
  A quicksilver dragon skeleton (Depths:5)
  20 ice dragons
  11 boulder beetles
  10 rakshasas
  A monstrous demonspawn (Depths:2)
  11 spriggan air magi
  2 ghost crabs
  20 vault guards
  22 hydras
  11 centaur warriors
  57 two-headed ogres
  15 alligators
  Erica (Orc:1)
  5 death yaks
  3 death knights
  9 deep troll shamans
  2 vampire magi
  32 dancing weapons
  5 deep troll earth magi
  7 tengu warriors
  2 titan zombies (Depths:5)
  An orc high priest (Elf:1)
  Urug (Orc:2)
  4 hell hogs (Abyss:3)
  3 thrashing horrors (Abyss:2)
  11 spriggan berserkers
  4 hell knights
  12 large abominations
  19 deep elf knights
  A sun demon (Depths:3)
  2 sixfirhies
  A shadow wraith (Vaults:3)
  A fire crab (shapeshifter) (Vaults:4)
  3 wretched stars (Abyss:2)
  2 salamander mystics (Depths:3)
  13 skeletal warriors
  3 spriggan druids
  8 goliath frogs
  A titan skeleton (Depths:5)
  5 iron trolls (Depths:1)
  A storm dragon skeleton (Depths:5)
  19 deep trolls
  6 flayed ghosts
  A golden dragon zombie (Depths:5)
  6 bog bodies
  5 glowing orange brains
  3 unseen horrors
  7 wizards
  A shadow dragon zombie (Depths:5)
  Pikel (D:7)
  10 swamp dragons
  15 deep elf archers
  A lindwurm (shapeshifter) (Depths:1)
  2 phantasmal warriors (Vaults:2)
  3 golden dragon skeletons (Depths:5)
  6 necromancers
  11 ironbrand convokers
  7 orc knights
  34 wolf spiders
  2 iron dragon zombies (Depths:5)
  49 ugly things
  17 orb spiders
  2 moths of wrath (Spider:4)
  An orc sorcerer (Elf:3)
  A cyclops (shapeshifter) (Vaults:5)
  A shining eye (Abyss:2)
  7 will-o-the-wisps
  79 deep elf magi
  7 salamanders
  A moth of wrath (shapeshifter) (Depths:3)
  4 elephants (Lair:5)
  6 black mambas
  A frost giant skeleton (Vaults:4)
  6 cyclopes
  3 manticores
  An elephant (shapeshifter) (Vaults:2)
  A water nymph (shapeshifter) (Depths:3)
  An ice statue (IceCv)
  A centaur zombie (D:14)
  An iron dragon skeleton (Depths:5)
  A rust devil (Depths:2)
  16 cane toads
  5 orange demons
  2 naga magi (Vaults:4)
  15 vault sentinels
  2 black mambas (shapeshifter) (Vaults:4)
  Maurice (D:8)
  4 smoke demons
  An apocalypse crab (Abyss:2)
  A torpor snail (Lair:6)
  Joseph (Lair:1)
  2 gargoyles
  A torpor snail (shapeshifter) (Vaults:1)
  3 centaur skeletons
  13 rime drakes
  8 komodo dragons
  A rime drake (shapeshifter) (D:15)
  An efreet (D:10)
  6 freezing wraiths
  A kobold demonologist (D:14)
  54 yaktaurs
  2 ice devils (Lair:6)
  15 demonic crawlers
  2 komodo dragons (shapeshifter)
  A harpy zombie (Abyss:3)
  3 hellwings
  A tengu conjurer (Depths:1)
  A tengu simulacrum (Vaults:3)
  5 ancient zymes (Abyss:2)
  A human skeleton (Vaults:4)
  8 trolls
  A jumping spider (shapeshifter) (Depths:2)
  36 jumping spiders
  A wind drake (shapeshifter) (Depths:2)
  A queen bee (shapeshifter) (Vaults:4)
  2 ettin zombies
  16 polar bears
  A hornet (shapeshifter) (Vaults:3)
  9 raiju
  A meliai zombie (D:14)
  2 tyrant leeches
  20 blink frogs
  36 slime creatures
  2 elf zombies (Depths:5)
  A fire giant simulacrum (Vaults:1)
  A dream sheep (Lair:6)
  A blink frog (shapeshifter) (Vaults:1)
  13 hornets
  A spriggan (shapeshifter) (Elf:1)
  12 spriggans
  A yak (shapeshifter) (Depths:1)
  2 shadows
  70 redbacks
  5 water elementals
  3 air elementals
  29 tarantellas
  A wyvern (shapeshifter) (Depths:2)
  54 yaks
  8 wyverns
  9 small abominations
  7 wraiths
  6 basilisks
  2 humans (shapeshifter)
  2 neqoxecs
  2 fire elementals
  A basilisk (shapeshifter) (Vaults:3)
  2 steam dragons
  A black mamba skeleton (Abyss:2)
  13 vampire mosquitoes
  A chaos spawn (Abyss:2)
  A swamp worm (shapeshifter) (Vaults:4)
  A warg (shapeshifter) (Depths:3)
  Menkaure (D:4)
  2 acid dragons (Vaults:2)
  A two-headed ogre zombie (D:9)
  Edmund (D:4)
  7 swamp worms
  4 wargs
  11 water moccasins
  2 hell hounds (Lair:6)
  20 orc warriors
  An eye of draining (D:11)
  5 swamp drakes
  Purgy (D:4)
  A hornet zombie (D:14)
  An eye of draining (shapeshifter) (Elf:1)
  2 ice beasts
  2 sky beasts
  A phantom (D:9)
  55 ogres
  4 black bears
  16 boggarts
  20 centaurs
  A swamp dragon zombie (Abyss:2)
  36 wolves
  6 elf skeletons
  A lemure (D:7)
  2 big kobolds
  A human zombie (Vaults:3)
  24 bullfrogs
  7 earth elementals
  A troll zombie (D:9)
  6 scorpions
  A human simulacrum (Vaults:1)
  6 killer bees (D:13)
  A howler monkey (D:13)
  22 wights
  An electric eel (D:8)
  A crimson imp (Depths:2)
  3 bullfrog zombies (D:12)
  A quasit (D:14)
  9 hounds
  9 jellies
  22 orc wizards
  26 orc priests
  A wyvern simulacrum (D:15)
  7 iron imps
  Crazy Yiuf (D:5)
  An iguana (D:14)
  Ijyb (D:4)
  14 worker ants
  6 ogre zombies (D:9)
  A hound zombie (D:8)
  3 hound skeletons
  16 adders
  4 gnolls (D:3)
  5 river rats (Sewer)
  5 shadow imps
  4 white imps
  5 ufetubi
  An ooze (Sewer)
  An adder skeleton (D:8)
  4 worms
  4 dart slugs
  9 leopard geckos
  87 orcs
  20 ball pythons
  15 bats
  11 giant cockroaches
  4 goblins
  9 hobgoblins
  13 jackals
  21 kobolds
  4 quokkas
  6 frilled lizards
  2 goblin skeletons (D:9)
  2 hobgoblin skeletons (D:9)
  2 hobgoblin zombies (D:9)
  A leopard gecko skeleton (D:4)
  4 orc skeletons (D:9)
  13 orc zombies (D:9)
  A quokka skeleton (D:4)
  32 rats
  A crawling corpse (Elf:3)
  3 starspawn tentacles (Abyss:2)
2227 creatures vanquished.

Vanquished Creatures (collateral kills)
  A shadow dragon (Vaults:4)
  A fire giant (Vaults:4)
  A vault warden (Vaults:4)
  An emperor scorpion (Spider:4)
  An ironheart preserver (Vaults:4)
  A stone giant (Depths:4)
  A very ugly thing (Vaults:4)
  2 ettins (Vaults:4)
  A deep elf death mage (Elf:3)
  A rakshasa (Vaults:3)
  A hydra (Lair:1)
  A two-headed ogre (Vaults:1)
  A large abomination (Elf:3)
  A small abomination (Elf:3)
  2 skeletal warriors (Vaults:1)
  An ironbrand convoker (Vaults:4)
  2 orb spiders
  An orc knight (Vaults:4)
  2 wolf spiders
  An ugly thing (Vaults:4)
  2 deep elf magi (Elf:1)
  A vault sentinel (Vaults:4)
  A centaur skeleton (D:10)
  An orange demon (Lair:6)
  2 yaktaurs (Vaults:4)
  An ice devil (Lair:6)
  A demonic crawler (Spider:3)
  2 komodo dragons (D:10)
  A freezing wraith (Vaults:4)
  A tyrant leech (shapeshifter) (Vaults:4)
  A hornet (Swamp:4)
  5 redbacks
  A yak (D:10)
  8 tarantellas
  A basilisk (D:12)
  A hell hound (Lair:6)
  An orc warrior (D:10)
  A water moccasin (D:10)
  A swamp drake (Swamp:4)
  A black bear (D:10)
  2 orc wizards
  4 orcs
  A crawling corpse (Elf:3)
65 creatures vanquished.

Vanquished Creatures (others)
  A hydra (Swamp:4)
  A deep elf knight (Vaults:4)
  3 bloated husks
  A wraith (Vaults:5)
  A tarantella (Spider:2)
  A spriggan (Swamp:4)
  A swamp worm (Swamp:1)
  2 boggarts (Depths:1)
  33 foxfires
  80 fungi
  A lurking horror (Abyss:2)
  66 plants
  24 starspawn tentacles (Abyss:2)
215 creatures vanquished.

Grand Total: 2507 creatures vanquished

Notes
Turn   | Place    | Note
-------+----------+-------------------------------------------
     0 | D:1      | hatsuma the Minotaur Berserker began the quest for the Orb.
     0 | D:1      | Reached XP level 1. HP: 19/19 MP: 0/0
   285 | D:1      | Reached XP level 2. HP: 23/26 MP: 1/1
   851 | D:1      | Reached XP level 3. HP: 30/31 MP: 2/2
   932 | D:1      | Reached ** piety under Trog
  1685 | D:3      | Reached XP level 4. HP: 41/41 MP: 3/3
  1981 | D:3      | Reached skill level 5 in Fighting
  2012 | D:3      | Found a basalt altar of Yredelemnul.
  2130 | D:3      | Reached XP level 5. HP: 40/48 MP: 4/4
  2532 | D:3      | Found a sparkling altar of Nemelex Xobeh.
  2532 | D:3      | Found a glowing silver altar of Zin.
  2671 | D:4      | Noticed Purgy
  2681 | D:4      | Killed Purgy
  2682 | D:4      | Reached skill level 5 in Maces & Flails
  2790 | D:4      | Noticed Ijyb
  2792 | D:4      | Found a snail-covered altar of Cheibriados.
  2799 | D:4      | Killed Ijyb
  2800 | D:4      | Reached XP level 6. HP: 56/56 MP: 5/5
  2801 | D:4      | Reached *** piety under Trog
  2868 | D:4      | Noticed Edmund
  2881 | D:4      | Killed Edmund
  2882 | D:4      | Reached skill level 5 in Armour
  3055 | D:4      | Reached XP level 7. HP: 59/61 MP: 6/6
  3243 | D:4      | Noticed Menkaure
  3247 | D:4      | Killed Menkaure
  3651 | D:4      | Found a bloodstained altar of Trog.
  3658 | D:4      | Found a stormy altar of Qazlal.
  3661 | D:4      | Found a radiant altar of Vehumet.
  3706 | D:5      | Entered Level 5 of the Dungeon
  4006 | D:5      | Found a staircase to the Ecumenical Temple.
  4026 | D:5      | Reached XP level 8. HP: 70/71 MP: 7/7
  4188 | D:5      | Got a faintly glowing copper amulet
  4260 | D:5      | Identified the amulet of Stoicism {Faith Dex+3} (You found
                  | it on level 5 of the Dungeon)
  4522 | D:5      | Found a runed translucent door.
  4523 | D:5      | Noticed Crazy Yiuf
  4528 | D:5      | Killed Crazy Yiuf
  5023 | D:6      | Found an ornate altar of the Wu Jian Council.
  5116 | D:6      | Found a glowing drain.
  5136 | Sewer    | Entered a sewer
  5301 | Sewer    | Reached **** piety under Trog
  5790 | D:6      | Reached XP level 9. HP: 81/81 MP: 8/8
  6173 | D:7      | Reached ***** piety under Trog
  6539 | D:7      | Noticed Pikel
  6578 | D:7      | Killed Pikel
  6579 | D:7      | Reached skill level 10 in Armour
  6761 | D:8      | Received a gift from Trog
  6923 | D:8      | Reached XP level 10. HP: 91/91 MP: 9/9
  7168 | D:8      | Noticed Maurice
  7191 | D:8      | Killed Maurice
  7192 | D:8      | Reached skill level 10 in Maces & Flails
  7591 | D:8      | Got a scorched dagger
  8032 | D:9      | Found a white marble altar of Elyvilon.
  8227 | D:9      | Found a staircase to the Orcish Mines.
  8253 | D:9      | Reached skill level 10 in Fighting
  8510 | D:9      | Received a gift from Trog
  8581 | D:9      | Found a broken altar of Ashenzari.
  8648 | D:9      | Reached skill level 5 in Shields
  9119 | D:10     | Entered Level 10 of the Dungeon
  9181 | D:10     | Killed an unseen horror
  9227 | D:10     | Found a staircase to the Lair.
  9652 | D:10     | Noticed a gargoyle
  9652 | D:10     | Noticed a green ugly thing
  9659 | D:10     | Reached XP level 11. HP: 101/101 MP: 10/10
  9663 | D:10     | Killed a green ugly thing
 10486 | D:10     | Upgraded the game from 0.26-b1-45-g23770d1d51 to
                  | 0.26-b1-52-g61e05abef2
 10544 | D:11     | Received a gift from Trog
 10551 | D:11     | Noticed a skeletal warrior
 10552 | D:11     | Noticed a skeletal warrior
 10553 | D:11     | Noticed a skeletal warrior
 10569 | D:10     | Killed a skeletal warrior
 10898 | D:11     | Banished a skeletal warrior
 10946 | D:11     | Banished a skeletal warrior
 10947 | D:11     | Reached skill level 10 in Shields
 11014 | D:11     | Noticed a two-headed ogre
 11026 | D:11     | Killed a two-headed ogre
 11281 | D:11     | Killed an unseen horror
 11409 | D:11     | Reached skill level 1 in Evocations
 11506 | D:11     | Reached XP level 12. HP: 112/112 MP: 11/11
 11593 | D:11     | Noticed Erolcha
 11601 | D:11     | Killed Erolcha
 11706 | Lair:1   | Entered Level 1 of the Lair of Beasts
 12209 | Lair:1   | Received a gift from Trog
 12585 | Lair:1   | Noticed Joseph
 12597 | Lair:1   | Noticed a five-headed hydra
 12614 | Lair:1   | Killed a five-headed hydra
 12616 | Lair:1   | Killed Joseph
 13699 | Lair:2   | Reached skill level 5 in Evocations
 13856 | Lair:2   | Noticed a seven-headed hydra
 13867 | Lair:2   | Killed a seven-headed hydra
 14043 | Lair:2   | Found a hole to the Spider Nest.
 14369 | Lair:2   | Reached XP level 13. HP: 101/118 MP: 12/12
 14724 | Lair:2   | Identified the +8 dagger "Osaow" {vorpal, rElec MP+9 Str+3
                  | Dex-2 Stlth+} (You found it on level 8 of the Dungeon)
 15339 | Lair:3   | Found a staircase to the Swamp.
 17146 | Lair:5   | You fall into a shaft and drop 1 floor!
 17146 | Lair:6   | Entered Level 6 of the Lair of Beasts
 17183 | Lair:6   | Reached ****** piety under Trog
 17261 | Lair:5   | Found a dark tunnel.
 17293 | Volcano  | Entered a volcano
 17342 | Volcano  | Got a pair of polished gloves
 17500 | Lair:5   | Identified the +1 pair of gloves of Weirdness {rC+ MP+9}
                  | (You found it in a volcano)
 17648 | Lair:5   | Received a gift from Trog
 17801 | Lair:5   | Reached skill level 10 in Evocations
 17932 | Lair:5   | Found a staircase to the Slime Pits.
 17943 | Lair:5   | Reached XP level 14. HP: 129/129 MP: 13/13
 17986 | Lair:5   | Noticed Nessos
 18007 | Lair:5   | Killed Nessos
 19157 | Lair:6   | Got a faintly humming hat
 20076 | Lair:6   | Found a burning altar of Makhleb.
 20094 | Lair:6   | Received a gift from Trog
 20182 | Lair:6   | Found a gateway to Hell.
 20288 | Lair:6   | Identified the cursed +0 hat of Vehumet {Dex+3} (You found
                  | it on level 6 of the Lair of Beasts)
 20618 | D:12     | Found a runed translucent door.
 20623 | D:12     | Found the +2 shield of Resistance {rF++ rC++ Will++}
 20648 | D:12     | Found a runed translucent door.
 20752 | D:12     | Reached skill level 15 in Fighting
 21433 | Orc:1    | Entered Level 1 of the Orcish Mines
 21547 | Orc:1    | Noticed Erica
 21562 | Orc:1    | Killed Erica
 21729 | Orc:1    | Found a shimmering blue altar of Sif Muna.
 21804 | Orc:2    | Entered Level 2 of the Orcish Mines
 21804 | Orc:2    | Found a staircase to the Elven Halls.
 21847 | Orc:2    | Found a frozen archway.
 21867 | IceCv    | Entered an ice cave
 21880 | IceCv    | Received a gift from Trog
 22480 | IceCv    | Reached XP level 15. HP: 122/144 MP: 14/14
 22557 | IceCv    | Noticed a frost giant
 22578 | IceCv    | Killed a frost giant
 22970 | IceCv    | Got a fine halberd
 23137 | Orc:2    | Noticed Urug
 23139 | Orc:2    | Received a gift from Trog
 23153 | Orc:2    | Killed Urug
 23870 | Orc:2    | Received a gift from Trog
 23871 | Orc:2    | Reached skill level 15 in Armour
 23890 | Orc:2    | Paralysed by an ogre mage for 2 turns
 24040 | Orc:2    | Reached skill level 15 in Maces & Flails
 24301 | Orc:2    | Found Dyaseits's Antique Armour Emporium.
 24301 | Orc:2    | Found Imaoxeb's Assorted Antiques.
 24302 | Orc:2    | Found Qiawot's Jewellery Boutique.
 24302 | Orc:2    | Found Doumy's Armour Emporium.
 25044 | D:13     | Found a gate to the Vaults.
 25166 | D:13     | Received a gift from Trog
 26190 | D:14     | Found Kiluas's Book Emporium.
 26202 | D:14     | Reached skill level 15 in Shields
 26254 | D:14     | Found a broken altar of Ashenzari.
 26254 | D:14     | Noticed Snorg
 26282 | D:14     | Killed Snorg
 26546 | D:15     | Entered Level 15 of the Dungeon
 26709 | D:15     | Found a staircase to the Depths.
 27296 | D:15     | Received a gift from Trog
 27302 | D:15     | Found Yrrydd's Distillery.
 27565 | D:12     | Reached XP level 16. HP: 151/151 MP: 15/15
 27747 | Elf:1    | Entered Level 1 of the Elven Halls
 28410 | Swamp:1  | Entered Level 1 of the Swamp
 28959 | Swamp:1  | Got a faintly glowing leather armour
 28970 | Swamp:1  | Identified the cursed +1 leather armour of Card Tricks
                  | {rPois rC- Will+++ Str-2} (You found it on level 1 of the
                  | Swamp)
 30417 | Swamp:2  | Received a gift from Trog
 31576 | Swamp:3  | Found a basalt altar of Yredelemnul.
 32143 | Swamp:4  | Entered Level 4 of the Swamp
 32432 | Swamp:4  | Got a heavily runed plate armour
 32779 | Swamp:4  | Received a gift from Trog
 32832 | Swamp:4  | Reached XP level 17. HP: 110/158 MP: 16/16
 33317 | Swamp:4  | Got a decaying rune of Zot
 33629 | Spider:1 | Entered Level 1 of the Spider Nest
 33642 | Lair:2   | Identified the +1 plate armour of Ovveokea {rPois rC- rN+
                  | Will- Stlth+} (You found it on level 4 of the Swamp)
 33849 | Spider:1 | Noticed Frances
 33885 | Spider:1 | Killed Frances
 34687 | Spider:1 | Received a gift from Trog
 35220 | Spider:2 | Noticed Asterion
 35231 | Spider:2 | Killed Asterion
 36091 | Spider:2 | Received a gift from Trog
 37529 | Spider:4 | Entered Level 4 of the Spider Nest
 37529 | Spider:4 | Noticed Roxanne
 37554 | Spider:4 | Received a gift from Trog
 37573 | Spider:4 | Noticed Arachne
 37590 | Spider:4 | Killed Arachne
 38305 | Spider:4 | Reached XP level 18. HP: 60/170 MP: 8/17
 39250 | Spider:4 | Received a gift from Trog
 39254 | Spider:4 | Got a dazzling demon whip {god gift}
 39255 | Spider:4 | Identified the +5 demon whip of Evisceration {flame, *Slow
                  | +Fly rPois Str+2} (Trog gifted it to you on level 4 of the
                  | Spider Nest)
 39526 | Spider:4 | Upgraded the game from 0.26-b1-52-g61e05abef2 to
                  | 0.26-b1-59-ge38874ec40
 39557 | Spider:3 | HP: 7/258 [something (7)]
 41390 | Spider:4 | Got a gossamer rune of Zot
 41509 | Spider:4 | Killed Roxanne
 42161 | Elf:1    | Received a gift from Trog
 42923 | Elf:1    | Received a gift from Trog
 43189 | Elf:1    | Found Saxittel's Armour Boutique.
 43198 | Elf:1    | Bought the +3 pair of gauntlets of War {Slay+5} for 522
                  | gold pieces
 43198 | Elf:1    | Found the +3 pair of gauntlets of War {Slay+5}
 43986 | Elf:2    | Identified a scroll of acquirement
 44042 | Elf:2    | Found a radiant altar of Vehumet.
 44071 | Elf:2    | Received a gift from Trog
 44225 | Elf:2    | Found a huge runed translucent gate.
 44225 | Elf:2    | Found a huge runed translucent gate.
 44225 | Elf:2    | Found a huge runed translucent gate.
 44225 | Elf:2    | Found a huge runed translucent gate.
 44227 | Elf:2    | Found a huge runed translucent gate.
 44307 | Elf:2    | Identified the +8 great sword of the Chopping Boar {spect,
                  | Stlth+}
 44308 | Elf:2    | Identified the +8 great sword of the Chopping Boar {spect,
                  | Stlth+}
 44321 | Elf:2    | Found Anocui Rorch's Armour Boutique.
 44639 | Elf:2    | Cast into level 2 of the Abyss (+2 bardiche of distortion)
 44938 | Abyss:2  | Reached XP level 19. HP: 150/179 MP: 6/18
 45314 | Abyss:2  | Gained mutation: Your muscles are strong. (Str +2) [a
                  | shining eye]
 45507 | Abyss:2  | Received a gift from Trog
 45773 | Abyss:3  | Noticed an ancient lich
 45786 | Abyss:3  | Killed an ancient lich
 45789 | Elf:2    | Escaped the Abyss
 46525 | Elf:3    | Entered Level 3 of the Elven Halls
 46526 | Elf:3    | Acquired the amulet of Happiness {Reflect rElec rN+ SH+5}
 46924 | Elf:3    | Noticed Mara
 46940 | Elf:3    | Killed Mara
 46969 | Elf:3    | Noticed rrossfarrar's ghost (adept FeBe)
 47274 | Elf:3    | Found a runed translucent gate.
 47276 | Elf:3    | Found a runed translucent gate.
 47276 | Elf:3    | Found a runed translucent gate.
 48114 | Elf:3    | Reached XP level 20. HP: 174/193 MP: 6/19
 48146 | Elf:3    | Received a gift from Trog
 48220 | Elf:3    | Identified the +0 leather armour "Wun Kedu" {rF+}
 48230 | Elf:3    | Identified the ring "Uvecis" {Wiz *Slow +Inv Int+3 Dex+2}
 48315 | Elf:3    | Identified the cursed +1 spear of Sequestration {vorpal,
                  | Fragile Will+ Str+5 Dex+4}
 48573 | Elf:3    | Got a warped flail {god gift}
 48854 | Elf:3    | Identified the Disquisition on Dislocated Sinister Magic
 48863 | Elf:3    | Identified the Incunabulum of the Traveller and Lightness
 48967 | Elf:3    | Killed rrossfarrar's ghost
 49373 | Vaults:1 | Entered Level 1 of the Vaults
 49925 | Vaults:1 | Identified the +6 flail of the Pits of Slime {vorpal, +Rage
                  | rF- rC+ Stlth+} (Trog gifted it to you on level 3 of the
                  | Elven Halls)
 50277 | Vaults:1 | Received a gift from Trog
 51194 | Vaults:2 | Reached XP level 21. HP: 201/201 MP: 6/20
 52205 | Vaults:2 | Received a gift from Trog
 52730 | Vaults:3 | Found a staircase to the Crypt.
 52730 | Vaults:3 | Found an ancient bone altar of Kikubaaqudgha.
 52731 | Vaults:3 | Found a basalt altar of Yredelemnul.
 53400 | Vaults:3 | Received a gift from Trog
 53429 | Vaults:3 | Got an ancient morningstar {god gift}
 53433 | Vaults:3 | Identified the +6 morningstar of Wosukas {vorpal, Fragile
                  | rElec Str+4 Dex+2} (Trog gifted it to you on level 3 of the
                  | Vaults)
 53654 | Vaults:3 | Received a gift from Trog
 53919 | Vaults:3 | Noticed Margery
 53937 | Vaults:3 | Killed Margery
 53938 | Vaults:3 | Reached skill level 5 in Dodging
 55288 | Vaults:4 | Reached XP level 22. HP: 204/214 MP: 7/21
 55635 | Vaults:4 | Received a gift from Trog
 56891 | Vaults:4 | Received a gift from Trog
 56893 | Vaults:4 | Identified Sif Muna's Tome of Earth
 57232 | Depths:1 | Entered Level 1 of the Depths
 57454 | Depths:1 | Found Etoczouc's Book Boutique.
 57482 | Depths:1 | Found Sojysekk's General Store.
 57482 | Depths:1 | Found Olyqabat's Magic Scroll Boutique.
 57485 | Depths:1 | Found Tutzoum's Gadget Shop.
 57555 | Depths:1 | Bought a scroll of enchant weapon for 120 gold pieces
 57555 | Depths:1 | Bought a scroll of acquirement for 832 gold pieces
 57555 | Depths:1 | Bought a scroll of enchant armour for 120 gold pieces
 57555 | Depths:1 | Bought a scroll of blinking for 120 gold pieces
 57576 | Depths:1 | Acquired a manual of Armour
 58254 | Depths:1 | Received a gift from Trog
 58695 | Depths:1 | Found a one-way gate leading to the halls of Pandemonium.
 58954 | Depths:2 | Reached XP level 23. HP: 173/223 MP: 6/22
 59078 | Depths:2 | Received a gift from Trog
 59401 | Depths:2 | Noticed an ancient lich
 59409 | Depths:2 | Killed an ancient lich
 59476 | Depths:2 | Got a transparent sapphire amulet
 59490 | Depths:2 | Identified the amulet of Life {Inacc +Fly rF+} (You found
                  | it on level 2 of the Depths)
 59562 | Depths:2 | Noticed a juggernaut
 59574 | Depths:2 | Killed a juggernaut
 60016 | Depths:2 | Received a gift from Trog
 60877 | Depths:3 | Noticed the Enchantress
 60917 | Depths:3 | Killed the Enchantress
 61525 | Depths:3 | Found a one-way gate to the infinite horrors of the Abyss.
 61938 | Depths:3 | Received a gift from Trog
 62308 | Depths:3 | Reached XP level 24. HP: 217/231 MP: 7/22
 62907 | Depths:4 | Identified the cursed -6 tower shield of the Bells {Harm
                  | rC+ Str+4}
 62907 | Depths:4 | Noticed Louise
 62913 | Depths:4 | Killed Louise
 62969 | Depths:4 | Received a gift from Trog
 63026 | Depths:4 | Found a gateway to a ziggurat.
 64034 | Depths:4 | Noticed a juggernaut
 64044 | Depths:4 | Killed a juggernaut
 64202 | Depths:4 | Found a glowing golden altar of the Shining One.
 64324 | Depths:4 | Found Liniwin Cowi's Book Shop.
 64570 | Depths:5 | Entered Level 5 of the Depths
 65047 | Depths:5 | Noticed Saint Roka
 65061 | Depths:5 | Killed Saint Roka
 65061 | Depths:5 | Received a gift from Trog
 65073 | Depths:5 | Got a dazzling mace {god gift}
 65074 | Depths:5 | Identified the +5 mace of the Beast {vorpal, Will+} (Trog
                  | gifted it to you on level 5 of the Depths)
 65610 | Depths:5 | Got a brightly glowing double sword
 65611 | Depths:5 | Identified the +10 double sword of Beastly Purpose {pain,
                  | rPois Str+2} (You found it on level 5 of the Depths)
 66068 | Depths:5 | Found a runed translucent door.
 66075 | Depths:5 | Noticed Gemnonof's ghost (adept DgCj)
 66128 | Depths:5 | Reached XP level 25. HP: 228/243 MP: 7/22
 66513 | Depths:5 | Found a gate to the Realm of Zot.
 67122 | Vaults:5 | Entered Level 5 of the Vaults
 67203 | Vaults:5 | Noticed an ancient lich
 67217 | Vaults:5 | Killed an ancient lich
 67231 | Vaults:5 | Received a gift from Trog
 67341 | Vaults:5 | Noticed an ancient lich
 67351 | Vaults:5 | Killed an ancient lich
 67373 | Vaults:5 | HP: 6/249 [golden dragon (8)]
 67374 | Vaults:5 | HP: 1/249 [deep elf high priest/damnation (26)]
 67377 | Vaults:5 | Hit by a large rock thrown by a stone giant

Illustrated notes

Levels and vault maps discovered:
D:1:      elethiomel_arrival_diamonds, layout_basic, minmay_cut_off
D:2:      lemuel_upstairs_altar, layout_basic, serial_glass, glass_columns_b,
          glass_columns_b
D:3:      layout_basic, gammafunk_temple_overflow_pools,
          yredelemnul_altar_generic
D:4:      layout_loops_ring, grunt_temple_overflow_diamond,
          kennysheep_slug_shrine, serial_bayou_crossing, uniq_ijyb, uniq_edmund,
          uniq_menkaure, uniq_purgy
D:5:      layout_loops_ring, minmay_temple_entry_stoned_glass,
          uniq_crazy_yiuf_cottage
D:6:      layout_cave_pods, basic_altar, portal_sewer_entry_c, minivault_1
D:7:      layout_loops_cross, uniq_pikel
D:8:      layout_basic, serial_aquarium, aquarium_bridge_long_joined
          [aquarium_subvault_wall, aquarium_subvault_bridge,
          aquarium_subvault_balcony, aquarium_subvault_bridge,
          aquarium_subvault_window, aquarium_subvault_wall],
          aquarium_bridge_square [aquarium_subvault_window,
          aquarium_subvault_wall, aquarium_subvault_window,
          aquarium_subvault_bridge], aquarium_window_corner, aquarium_window_2,
          aquarium_view_2b, aquarium_pool_side, grunt_decor_one_mirror,
          hangedman_decor_clover_reticule, minivault_10, uniq_maurice
D:9:      layout_basic, overflow_temple_1_default, zombieorc2_lemuel,
          elyvilon_altar_1
D:10:     layout_loops_ring, due_lair_maze_entry_diamond,
          minmay_shattered_shrine
D:11:     layout_rooms, uniq_erolcha
D:12:     layout_irregular_city, minmay_guarded_unrand_resistance
D:13:     layout_loops_cross, david_vaults_5
D:14:     layout_loops_cross, serial_shops, nicolae_shop_statue_plus,
          ashenzari_altar_1, uniq_snorg
D:15:     hangedman_depths_entry_try_elsewhere_first, layout_stronghold,
          serial_shops, nicolae_shop_stone, chequers_serial_rivers_small_3,
          uniq_agnes
Lair:1:   layout_hall_layers, st_stairs_11, roderic_batcave,
          chequers_serial_rivers_micro_e, hibernation_bobbens, uniq_joseph
Lair:2:   layout_roguey, dummy_spider_entry, grunt_megastairs_5,
          serial_bayou_shore_a
Lair:3:   layout_cave_pods, minmay_swamp_entry_swarm
Lair:4:   layout_regular_city, beast_lair_carwin_3
Lair:5:   layout_regular_city, minmay_slime_entry_pillars,
          nicolae_volcano_entry_two_sided, st_stairs_7, minmay_lair_drake_nest,
          grunt_megastairs_2, uniq_nessos
Lair:6:   evil_forest, layout_long_grid, st_stairs_9, serial_bayou_pond_a,
          grunt_megastairs_3
Swamp:1:  layout_basic_swamp, serial_swamp_ruin, evilmike_swamp_ruin_house_2,
          evilmike_swamp_ruin_house_6, evilmike_swamp_ruin_house_4, swamp_pool1,
          nicolae_swamp_alligator_family
Swamp:2:  layout_basic_swamp, evilmike_swamp_ruin_house_3
Swamp:3:  layout_basic_swamp, nicolae_swamp_godswood, swamp_pool1
Swamp:4:  swamp_alternative, layout_basic_swamp
Spider:1: layout_spider_delve, uniq_frances
Spider:2: layout_spider_delve, uniq_asterion
Spider:3: layout_spider_delve, drop_trap
Spider:4: grunt_spider_rune_parallel, uniq_arachne, uniq_roxanne
Orc:1:    layout_caves, led_sif_book, uniq_erica
Orc:2:    st_orc_ogre_mass, layout_diamond_mine,
          portal_ice_cave_entry_pillars_2, special_room, uniq_urug
Elf:1:    eino_elf_arrival_sip, layout_gridlike, serial_shops, shop,
          minmay_elf_sorcery, hex_large, grunt_ministairs_7,
          serial_sigils_hangedman_writhe, kilobyte_mutagenic_chamber
Elf:2:    layout_loops_ring, basic_altar, serial_shops, shop_statue
Elf:3:    minmay_elf_hall_spiked, layout_loops_corners, serial_glass,
          glass_columns_a, glass_columns_a, gammafunk_ghost_split, drop_trap,
          uniq_mara
Vaults:1: nicolae_vaults_little_squares_3, v_rooms_1,
          hangedman_vaults_river_flow, vaults_dpeg_diagonal, v_misc_5,
          hangedman_vaults_capsules, nicolae_vaults_little_squares_2, v_misc_11,
          vaults_room_fancy_cross, hangedman_vaults_nails, v_alt_pattern_1,
          layout_vaults_omnibox
Vaults:2: v_alt_pattern_4, nicolae_vaults_circle_grid_a, v_misc_10, v_pattern_4,
          vaults_dpeg_ring, nicolae_vaults_theta, ontoclasm_vaults_gallery,
          vaults_room_fours, vaults_room_pools, layout_vaults_quadrants
Vaults:3: v_misc_17, minmay_crypt_entry_necro_gods, ontoclasm_vaults_fault,
          hangedman_vaults_impose, ontoclasm_vaults_misaligned, st_cells,
          v_pattern_1, vaults_room_semicircle, hangedman_vaults_nails,
          nicolae_vaults_border_crossing, nicolae_vaults_big_angled_halls,
          hangedman_vaults_impose, vaults_room_fancy_cross,
          ontoclasm_vaults_eye, layout_vaults_omnicross, uniq_margery
Vaults:4: v_alt_pattern_3, hangedman_vaults_stretched_pinwheel, v_misc_18,
          v_alt_pattern_4, nicolae_vaults_big_ls,
          nicolae_vaults_mini_display_case, dpeg_vaults_pockets_of_resistance,
          nicolae_vaults_sealed_display, hangedman_vaults_pinch,
          nicolae_vaults_stairing_the_circle, ontoclasm_vaults_bender,
          nicolae_vaults_little_squares_3, layout_vaults_ring,
          serial_hangedman_research, hangedman_research_geology
Vaults:5
Depths:1: layout_gridlike, hangedman_tar_grid_catacomb, pan_entry,
          kennysheep_kite_vault, minmay_shoptagon, kennysheep_random_hallway
Depths:2: minmay_the_grid_3x2 [minmay_the_grid_tri_star,
          minmay_the_grid_armoury, minmay_the_grid_doors,
          minmay_the_grid_medium_cups, minmay_the_grid_outer_circle,
          minmay_the_grid_prize_inner_circle], layout_honeycomb, hell_entry,
          grunt_pan_entry_spiral
Depths:3: hangedman_stitches_corridor, layout_basic, rand_demon_pan_entry_1,
          abyss_entry, minmay_holes, hell_entry, library_closet,
          serial_bayou_shore_b, firewood_loft, uniq_enchantress
Depths:4: thingy_vault, layout_cave_pools, enter_ziggurat_c, hell_entry,
          nicolae_abyss_entry_one_way_or_another, serial_shops, shop,
          chequers_serial_rivers_room_a, minivault_15, tso_metal_star
Depths:5: evilmike_zot_entry_diamond, layout_gridlike, pan_entry,
          amcnicky_mini_rare_corridor_liquid, muffindrake_ghost_dead_mans_drink,
          hell_entry, minmay_guarded_unrand_zonguldrok, uniq_saint_roka

Skill      XL: |  1  2  3  4  5  6  7  8  9 10 11 12 13 14 15 16 17 18 19 20 21 22 23 24 25 |
---------------+----------------------------------------------------------------------------+-----
Armour         | 3 4 6 7 8 10 11 12 13 15 17 18 19 22 25 | 25.1
Dodging        | 3 6 |  6.0
Maces & Flails | 4 5 6 7 9 10 11 13 14 15 16 18 19 20 21 24 | 24.7
Fighting       | 4 5 6 8 9 10 12 13 16 17 18 20 21 22 23 25 | 25.0
Shields        | 4 9 12 13 15 16 17 18 19 21 24 | 24.0
Evocations     | 2 6 10 11 13 | 13.8

Action                   |  1- 3 |  4- 6 |  7- 9 | 10-12 | 13-15 | 16-18 | 19-21 | 22-24 | 25-27 || total
-------------------------+-------+-------+-------+-------+-------+-------+-------+-------+-------++-------
Melee: Mace              |    67 |    88 |       |       |       |       |       |       |       ||   155
       Headbutt          |    10 |    19 |    58 |   191 |   612 |   597 |   525 |   659 |    98 ||  2769
       Flail             |       |     7 |   307 |   532 |       |       |       |       |       ||   846
       Demon whip        |       |       |       |    64 |  1531 |   745 |       |       |       ||  2340
       Eveningstar       |       |       |       |       |       |   843 |  1377 |  1589 |   247 ||  4056
Invok: Berserk           |     1 |     4 |     7 |     5 |     3 |    10 |     6 |     2 |     1 ||    39
       Brothers in Arms  |       |       |       |     4 |     3 |     8 |     7 |     2 |     1 ||    25
       Trog's Hand       |       |       |       |       |     2 |     9 |     8 |     1 |     2 ||    22
 Abil: Evoke Flight      |       |       |       |       |     3 |       |       |       |       ||     3
Evoke: Wand              |       |       |       |       |     3 |     2 |     1 |       |     1 ||     7
       Box of beasts     |       |       |       |       |       |     1 |       |       |       ||     1
       Condenser vane    |       |       |       |       |       |       |     1 |       |       ||     1
       Phantom mirror    |       |       |       |       |       |       |       |       |     1 ||     1
  Use: Scroll            |     8 |     4 |     3 |    15 |    12 |    14 |     7 |     9 |     8 ||    80
       Potion            |       |       |       |     1 |       |     7 |     5 |     2 |     3 ||    18
 Stab: Sleeping          |     1 |       |     1 |     1 |       |       |       |       |       ||     3
       Distracted        |       |       |       |       |       |     1 |     4 |     3 |       ||     8
Armor: Animal skin       |    14 |       |       |       |       |       |       |       |       ||    14
       Ring mail         |     8 |    24 |   107 |   130 |    66 |       |       |       |       ||   335
       Chain mail        |       |       |       |    25 |   379 |   873 |   321 |   322 |       ||  1920
       Gold dragon scale |       |       |       |       |       |       |       |   114 |   108 ||   222
Dodge: Dodged            |    40 |    70 |    89 |   126 |   269 |   546 |   206 |   348 |    67 ||  1761
Block: Tower shield      |       |       |   219 |   510 |  1034 |       |       |       |       ||  1763
       Kite shield       |       |       |       |       |   153 |  1386 |  1077 |  1292 |   273 ||  4181
       Reflection        |       |       |       |       |       |       |   102 |   106 |    17 ||   225
